 Dungeon Crawl Stone Soup version 0.28-a0-851-g8b9cc49659 (webtiles) character file.

Game seed: 688184361819210772

198 Crownlay the Poker (level 5, -2/45 HPs)
             Began as a Minotaur Abyssal Knight on Nov 14, 2021.
             Was a Believer of Lugonu.
             Slain by a gnoll sergeant (3 damage)
             ... on level 4 of the Dungeon.
             The game lasted 00:04:47 (2886 turns).

Crownlay the Poker (Minotaur Abyssal Knight)        Turns: 2886, Time: 00:04:48

Health: -2/45      AC: 12    Str: 31    XL:     5   Next: 47%
Magic:  5/5        EV:  8    Int:  7    God:    Lugonu [**....]
Gold:   168        SH:  0    Dex: 10    Spells: 4/4 levels left

rFire   . . .      SeeInvis .   a - +1 spear
rCold   . . .      Faith    .   (no shield)
rNeg    . . .      Spirit   .   i - +0 plate armour
rPois   .          Reflect  .   (helmet restricted)
rElec   .          Harm     .   (no cloak)
rCorr   .          Rampage  .   b - +0 pair of gloves
Will    .....                   (no boots)
Stlth   ..........              (no amulet)
HPRegen 0.15/turn               h - +6 ring of strength
MPRegen 0.09/turn               c - +6 ring of strength

@: no status effects
A: horns 2, retaliatory headbutt
a: Renounce Religion, Depart the Abyss, Bend Space


You were on level 4 of the Dungeon.
You worshipped Lugonu.
Lugonu was pleased with you.
You visited 1 branch of the dungeon, and saw 4 of its levels.
You visited the Abyss 1 time.

You collected 179 gold pieces.
You spent 11 gold pieces at shops.

Inventory:

Hand Weapons
 a - a +1 spear (weapon)
Armour
 b - a +0 pair of gloves (worn)
 i - a +0 plate armour (worn)
Jewellery
 c - a +6 ring of strength (right hand)
 h - a +6 ring of strength (left hand)
Scrolls
 d - 2 scrolls of magic mapping
 e - a scroll of identify
 g - a scroll of teleportation {unknown}
 j - 2 scrolls of brand weapon {unknown}
Potions
 f - 2 potions of curing
 k - a potion of flight {unknown}


   Skills:
 - Level 3.6 Fighting
 * Level 5.5 Polearms
 - Level 2.4 Armour
 - Level 1.1 Dodging
 - Level 4.0 Shields
 - Level 1.7 Invocations


You had 4 spell levels left.
You didn't know any spells.
Your spell library contained the following spells:

 Spells                   Type           Power      Damage    Failure   Level
 Slow                     Hex            0%         N/A       99%         1
 Summon Small Mammal      Summ           0%         N/A       99%         1
 Call Canine Familiar     Summ           0%         N/A       100%        3
 Confusing Touch          Hex            0%         N/A       100%        3
 Summon Guardian Golem    Hex/Summ       0%         N/A       100%        3
 Yara's Violent Unravell  Hex/Tmut       0%         3d3       100%        5


Dungeon Overview and Level Annotations

Branches:
Dungeon (4/15)
 Temple: D:4-7

Altars:
Ashenzari
Hepliaklqana
Kikubaaqudgha
Qazlal
Xom

Shops:
D:1 [   D:4 !:*


Innate Abilities, Weirdness & Mutations

You have a pair of horns on your head.
You reflexively headbutt those who attack you in melee.


Message History

Found a scroll labelled ITAICW JITOA.
You reach to attack!
You barely miss the gnoll sergeant. The gnoll sergeant blocks your attack.
The gnoll sergeant hits you with a +6 flail!
The gnoll sergeant blocks your attack.
Your headbutt misses the gnoll sergeant.
You hit the gnoll sergeant. You headbutt the gnoll sergeant!
The gnoll sergeant is heavily wounded.
The gnoll sergeant hits you with a +6 flail!
You are too injured to fight recklessly!
You are too injured to fight recklessly!
You are too injured to fight recklessly!
You are too injured to fight recklessly!
The gnoll sergeant blocks your attack.
You headbutt the gnoll sergeant, but do no damage.
The gnoll sergeant is heavily wounded.
The gnoll sergeant hits you with a +6 flail.
You hit the gnoll sergeant but do no damage.
The gnoll sergeant blocks your attack.
The gnoll sergeant is heavily wounded.
The gnoll sergeant hits you with a +6 flail!
* * * LOW HITPOINT WARNING * * *
You hit the gnoll sergeant but do no damage.
You headbutt the gnoll sergeant, but do no damage.
The gnoll sergeant is heavily wounded.
The gnoll sergeant hits you with a +6 flail.
* * * LOW HITPOINT WARNING * * *
Okay, then.
You hit the gnoll sergeant.
The gnoll sergeant is heavily wounded.
The gnoll sergeant completely misses you.
You furiously retaliate!
You headbutt the gnoll sergeant, but do no damage.
You hit the gnoll sergeant. You headbutt the gnoll sergeant.
The gnoll sergeant is almost dead.
You hit the gnoll sergeant but do no damage.
You headbutt the gnoll sergeant, but do no damage.
The gnoll sergeant is almost dead.
The gnoll sergeant hits you with a +6 flail.
You die...

#...§...# #.§§§§#.#
##§§§##.# #####
#§§§##.###### #....
#§§§##......####....
#§§§#...............
#§§§###.###†........
#§§§##..............
#§§@#####.#....)##.#
#...§§§g§?..#.#.....##.#
#._..§#§.§8.#.#..##.....
#...........#......)....
#####...#####....#####..
#...#.......## #.. ####
._.#.....### ##..
...#...#.....# #...
#.###.#####.....#######.♣.


You could see a gnoll sergeant.

Vanquished Creatures
  A bullfrog zombie (D:4)
  2 iguanas
  2 adders
  4 gnolls (D:4)
  2 worms
  2 dart slugs
  6 bats
  3 endoplasms
  2 giant cockroaches
  4 goblins
  6 hobgoblins
  A quokka (D:1)
  8 ball pythons
  2 frilled lizards
  7 kobolds
  3 rats
55 creatures vanquished.

Notes
Turn   | Place    | Note
-------+----------+-------------------------------------------
     0 | Abyss:1  | Crownlay the Minotaur Abyssal Knight began the quest for
                  | the Orb.
     0 | Abyss:1  | Reached XP level 1. HP: 19/19 MP: 1/1
    54 | Abyss:1  | Noticed a small abomination
    79 | Abyss:1  | Noticed a rust devil
    90 | Abyss:1  | Noticed an orange demon
    92 | D:1      | Escaped the Abyss
   336 | D:1      | Reached skill level 3 in Polearms
   344 | D:1      | Reached * piety under Lugonu
   442 | D:1      | Reached XP level 2. HP: 26/26 MP: 2/2
   565 | D:1      | Found Raufaru's Armour Shop.
   795 | D:2      | Reached skill level 1 in Shields
  1183 | D:2      | Reached XP level 3. HP: 30/31 MP: 3/3
  1377 | D:3      | Found an ancient bone altar of Kikubaaqudgha.
  1402 | D:3      | Found a broken altar of Ashenzari.
  1457 | D:3      | Reached skill level 4 in Polearms
  1708 | D:3      | Reached XP level 4. HP: 39/39 MP: 4/4
  1740 | D:3      | Found a shimmering altar of Xom.
  2144 | D:4      | Found Xezxiem's General Store.
  2149 | D:4      | Found Vuvudovu's Distillery.
  2199 | D:4      | HP: 1/39 [gnoll (6)]
  2200 | D:4      | Reached ** piety under Lugonu
  2201 | D:4      | Reached skill level 5 in Polearms
  2527 | D:4      | Found a stormy altar of Qazlal.
  2538 | D:4      | Reached XP level 5. HP: 42/45 MP: 5/5
  2584 | D:4      | Found Gewnog's Book Shoppe.
  2834 | D:4      | Found Asusal's General Store.
  2842 | D:4      | Bought a potion of degeneration for 11 gold pieces
  2874 | D:4      | Found a hazy altar of Hepliaklqana.
  2875 | D:4      | Found a faded altar of an unknown god.
  2883 | D:4      | HP: 1/45 [gnoll sergeant (6)]
  2886 | D:4      | Slain by a gnoll sergeant

Illustrated notes

Levels and vault maps discovered:
D:1:      minmay_arrival_solitary_statue, layout_loops_ring, serial_shops,
          nicolae_shop_temple_entry_statues_fountains
D:2:      layout_basic
D:3:      layout_loops_ring, mainiacjoe_overflow_tiny_flanked,
          old_standard_altar, mainiacjoe_overflow_alcove_2,
          minmay_misc_feat_ornament
D:4:      layout_basic, nicolae_qazlal_scattered_showers,
          beargit_hepliaklqana_dungeon_heroes,
          minmay_temple_entry_drinking_statues, serial_shops, shop,
          shop_fountains, nicolae_shop_trees, nicolae_shop_window_shopping

Skill      XL: |  1  2  3  4  5 |
---------------+----------------+-----
Polearms       | 3 4 5 |  5.5
Shields        | 1 2 3 4 |  4.0
Fighting       | |  3.6
Armour         | |  2.4
Dodging        | |  1.1
Invocations    | |  1.7

Action                   |  1- 3 |  4- 6 || total
-------------------------+-------+-------++-------
Melee: Spear             |    74 |    59 ||   133
       Headbutt          |     5 |    15 ||    20
Invok: Depart the Abyss  |     1 |       ||     1
  Use: Scroll            |       |     2 ||     2
Armor: Scale mail        |    16 |       ||    16
       Plate armour      |     7 |    16 ||    23
Dodge: Dodged            |    20 |    16 ||    36

Table legend: (Time is in decaauts)
 A = Elapsed time spent in this place.
 B = Non-inter-level travel time spent in this place.
 C = Inter-level travel time spent in this place.
 D = Time resting spent in this place.
 E = Time spent auto-exploring this place.
 F = Levels seen in this place.
 G = Mean time per level.
                   A        B        C        D        E       F      G
               +--------+--------+--------+--------+--------+-----+--------+
         Total |   2870 |   2778 |     92 |      0 |   2371 |   5 |  574.0 |
       Dungeon |   2778 |   2686 |     92 |      0 |   2328 |   4 |  694.5 |
         Abyss |     92 |     92 |      0 |      0 |     43 |   1 |   92.0 |
               +--------+--------+--------+--------+--------+-----+--------+

Top non-repeatable levels by time:
     D:3: 1068 daAuts
     D:2: 658 daAuts
     D:1: 591 daAuts
     D:4: 459 daAuts
 Abyss:1: 92 daAuts
